 Dungeon Crawl Stone Soup version 0.25-a0-651-g8c222c7a2b (webtiles) character file.

Game seed: 15356043693838169950, levelgen mode: deterministic

243 marlio the Covered (level 5, -1/47 HPs)
             Began as a Minotaur Fighter on Mar 22, 2020.
             Slain by a sky beast (5 damage)
             ... on level 5 of the Dungeon.
             The game lasted 00:19:58 (3086 turns).

marlio the Covered (Minotaur Fighter)               Turns: 3086, Time: 00:19:59

Health: -1/47      AC:  7    Str: 22    XL:     5   Next: 82%
Magic:  4/4        EV:  7    Int:  5    God:
Gold:   124        SH:  9    Dex:  9    Spells: 4/4 levels left

rFire    . . .     SeeInvis .   a - +0 war axe
rCold    . . .     Gourm    .   c - +0 kite shield
rNeg     . . .     Faith    .   b - +0 scale mail
rPois    .         Spirit   .   (helmet restricted)
rElec    .         Reflect  .   (no cloak)
rCorr    .         Harm     .   (no gloves)
MR       .....                  (no boots)
Stlth    ..........             (no amulet)
HPRegen  0.15/turn              (no ring)
MPRegen  0.09/turn              (no ring)

@: drained
A: retaliatory headbutt, horns 2
a: no special abilities


You were on level 5 of the Dungeon.
You were not hungry.

You visited 1 branch of the dungeon, and saw 5 of its levels.

You collected 124 gold pieces.

Inventory:

Hand Weapons
 a - a +0 war axe (weapon)
 e - a cursed -1 short sword
 i - a +0 short sword
 k - a +0 dagger
 m - a +0 club
 q - a +0 club
 r - a +0 short sword
 v - a +0 dagger
 y - a +0 dagger
 z - a +0 rapier
 B - a +0 mace
 C - a +0 dagger
 E - a +0 short sword
 G - a +0 dagger
 H - a +0 club
 K - a cursed -1 club
 L - a +0 club
 O - a +0 dagger
 Q - a +0 flail
 R - a +0 dagger
 V - a +0 club
 W - a +0 hand axe
 X - a +0 dagger
 Y - a +0 flail
 Z - a +0 short sword
Missiles
 g - 51 stones (quivered)
 j - 17 arrows
 n - 3 large rocks
 x - 13 sling bullets
 S - 6 boomerangs
Armour
 b - a +0 scale mail (worn)
 c - a +0 kite shield (worn)
 h - a +0 leather armour
 u - a +0 robe
 D - a cursed +0 ring mail
 I - a +0 robe
 P - a +0 robe
 U - a cursed -1 leather armour
Jewellery
 o - a cursed ring of teleportation {unknown}
 T - an uncursed ring of stealth {unknown}
Scrolls
 s - 2 scrolls of enchant armour {unknown}
 t - 5 scrolls of identify {unknown}
 F - 2 scrolls of magic mapping {unknown}
 J - a scroll of random uselessness {unknown}
 M - a scroll of teleportation {unknown}
 N - 2 scrolls of remove curse {unknown}
Potions
 d - 2 potions of might
 l - a potion of mutation {unknown}
 p - a potion of heal wounds {unknown}
 w - 2 potions of magic {unknown}
 A - 2 potions of curing {unknown}
Comestibles
 f - 6 rations


   Skills:
 + Level 4.8(3.9) Fighting
 + Level 4.1(3.2) Axes
 + Level 5.1(4.1) Armour
 + Level 1.4(0.5) Dodging
 + Level 0.1(0.0) Stealth
 + Level 4.8(3.9) Shields


You had 4 spell levels left.
You didn't know any spells.
Your spell library was empty.

Dungeon Overview and Level Annotations

Branches:
Dungeon (5/15)
 Temple: D:4-7

Altars:
Dithmenos


Innate Abilities, Weirdness & Mutations

You reflexively headbutt those who attack you in melee.
You have a pair of horns on your head.


Message History

The orc wizard hits you but does no damage.
You feel drained.
Your shield and scale mail prevent you from hitting the orc wizard.
The orc wizard is almost dead.
Your shield and scale mail prevent you from hitting the sky beast.
The sky beast hits you.
* * * LOW HITPOINT WARNING * * *
The sky beast shocks you.
* * * LOW HITPOINT WARNING * * *
The orc wizard mumbles some strange words.
The orc wizard seems to speed up.
The sky beast hits you but does no damage.
You hit the orc wizard but do no damage.
You headbutt the orc wizard.
You kill the orc wizard!
Your base Armour skill increases to level 5!
You slash the sky beast! The sky beast hits you.
* * * LOW HITPOINT WARNING * * *
The sky beast shocks you.
You die...

.....
.....≈≈≈≈
..!≈≈≈≈≈≈
#.≈≈≈≈≈≈≈
###.≈≈≈≈≈≈.
##<..≈≈≈≈≈≈.
#....≈≈≈≈≈≈.
#.....≈≈≈≈≈≈
+..@....≈≈≈≈
#..)Y)....≈≈
#...........
#.........#.
#........###
#.....[..#
#........#
#........#


You could see a sky beast.

Vanquished Creatures
  A scorpion (D:3)
  An orc priest (D:4)
  A worker ant (D:2)
  2 orc wizards (D:5)
  2 adders (D:3)
  2 worms
  A dart slug (D:2)
  8 orcs
  2 giant cockroaches (D:2)
  8 goblins
  4 hobgoblins
  A quokka (D:4)
  2 ball pythons (D:3)
  6 bats
  7 frilled lizards
  6 kobolds
  4 rats
58 creatures vanquished.

Vanquished Creatures (others)
  A gnoll (D:1)
1 creature vanquished.

Grand Total: 59 creatures vanquished

Notes
Turn   | Place    | Note
-------+----------+-------------------------------------------
     0 | D:1      | marlio the Minotaur Fighter began the quest for the Orb.
     0 | D:1      | Reached XP level 1. HP: 19/19 MP: 0/0
   286 | D:1      | Reached XP level 2. HP: 27/27 MP: 1/1
  1104 | D:2      | Reached skill level 4 in Armour
  1269 | D:2      | Reached XP level 3. HP: 33/33 MP: 2/2
  1375 | D:2      | Reached skill level 1 in Dodging
  1766 | D:2      | Paralysed by fainting for 10 turns
  1779 | D:2      | Paralysed by fainting for 8 turns
  1831 | D:2      | Paralysed by fainting for 9 turns
  2246 | D:3      | Reached XP level 4. HP: 28/40 MP: 3/3
  2400 | D:3      | Found a shadowy altar of Dithmenos.
  2845 | D:3      | Reached XP level 5. HP: 35/47 MP: 4/4
  2869 | D:3      | Paralysed by fainting for 7 turns
  2914 | D:3      | Paralysed by fainting for 5 turns
  3065 | D:5      | Entered Level 5 of the Dungeon
  3069 | D:5      | Noticed a sky beast
  3086 | D:5      | Reached skill level 5 in Armour
  3086 | D:5      | Slain by a sky beast

Levels and vault maps discovered:
D:1:      shiori_arrival_oz, layout_loops_ring
D:2:      layout_basic, chequers_serial_rivers_micro_c
D:3:      layout_rooms, grunt_dithmenos_smoke, cheibrodos_sewer_entry_sluice,
          kennysheep_generic_room_7
D:4:      layout_basic, kiku_gazebo_garden_becter, first_ration
D:5:      layout_basic, temple_pool_b, basic_altar

Skill      XL: |  1  2  3  4  5 |
---------------+----------------+-----
Armour         | 4 5 |  5.1
Shields        | 4 |  4.8
Fighting       | 4 |  4.8
Axes           | 3 4 |  4.1
Dodging        | 1 |  1.4
Stealth        | |  0.1

Action                   |  1- 3 |  4- 6 || total
-------------------------+-------+-------++-------
Melee: War axe           |    82 |    59 ||   141
       Headbutt          |    10 |     7 ||    17
  Eat: Ration            |     1 |     1 ||     2
Armor: Scale mail        |    42 |    50 ||    92
Dodge: Dodged            |    44 |    36 ||    80
Block: Kite shield       |    52 |    50 ||   102

Table legend:
 A = Non-vault XP
 B = Vault XP
 C = Vault XP percentage of total XP
 D = Non-vault monster count
 E = Vault monster count
 F = Vault count percentage of total count
                 A         B        C        D         E       F
            +---------+---------+-------+---------+---------+-------
      Total |     320 |      28 |   8.0 |      50 |       8 |  13.8
            +---------+---------+-------+---------+---------+-------
        D:1 |      22 |       2 |   8.3 |      14 |       1 |   6.7
        D:2 |      66 |       0 |   0.0 |      15 |       0 |   0.0
        D:3 |      99 |      26 |  20.8 |      11 |       7 |  38.9
        D:4 |      55 |       0 |   0.0 |       6 |       0 |   0.0
        D:5 |      78 |       0 |   0.0 |       4 |       0 |   0.0
            +---------+---------+-------+---------+---------+-------
